 Dungeon Sprint DCSS version 0.21-a0-401-g0b6bec4 (webtiles) character file.

148 theanonym the Poker (level 5, 14/36 HPs)
             Began as a Gargoyle Fighter on Oct 21, 2017.
             Was an Initiate of Makhleb.
             Quit the game in the Dungeon (Sprint IX: "|||||||||||||||||||||||||||||").
             The game lasted 00:01:43 (390 turns).

theanonym the Poker (Gargoyle Fighter)               Turns: 390, Time: 00:01:44

Health: 14/36      AC: 17    Str: 26    XL:     5   Next: 30%
Magic:  5/5        EV:  8    Int:  8    God:    Makhleb [......]
Gold:   0          SH: 10    Dex:  9    Spells: 4/4 levels left

rFire    . . .     SeeInvis .   (no weapon)
rCold    . . .     Gourm    .   c - +0 shield
rNeg     + . .     Faith    .   u - +1 chain mail
rPois    ∞         Spirit   .   (no helmet)
rElec    +         Reflect  .   r - +0 cloak
rCorr    .         Harm     .   (no gloves)
MR       .....     NoTele   +   q - +0 pair of boots
Stlth    ..........             (no amulet)
HPRegen  0.12/turn              s - +2 ring of evasion
MPRegen  0.09/turn              (no ring)

@: mighty, hasted, very quick
A: negative energy resistance 1, electricity resistance, unbreathing,
petrification resistance, rot immunity, AC +4
a: Renounce Religion


You were in the Dungeon.
You worshipped Makhleb.
Makhleb was noncommittal.
You were not hungry.

You visited 1 branch

Inventory:

Hand Weapons
 v - a +2 halberd of protection
   (You found it in the Dungeon)
Armour
 c - a +0 shield (worn)
 q - a +0 pair of boots (worn)
   (You found it in the Dungeon)
 r - a +0 cloak (worn)
   (You found it in the Dungeon)
 u - a +1 chain mail (worn)
   (You found it in the Dungeon)
Jewellery
 s - a +2 ring of evasion (left hand)
   (You found it in the Dungeon)
Wands
 p - a wand of lightning (7/15)
   (You found it in the Dungeon)
Scrolls
 k - 2 scrolls of blinking
 m - 3 scrolls of remove curse
 n - 2 scrolls of amnesia
Potions
 e - 5 potions of curing
 g - 3 potions of heal wounds
 i - 4 potions of magic
 j - a potion of berserk rage
 l - a potion of invisibility
Comestibles
 f - a bread ration


   Skills:
 + Level 5.9 Fighting
 * Level 6.1 Polearms
 + Level 5.9 Armour
 + Level 5.9 Shields


You had 4 spell levels left.
You didn't know any spells.

Dungeon Overview and Level Annotations

Branches:
Dungeon (1/1)

Altars:
Cheibriados
Dithmenos
Elyvilon
Fedhas
Gozag
Hepliaklqana
Kikubaaqudgha
Makhleb
Nemelex Xobeh
Okawaru
Qazlal
Ru
Sif Muna
Trog
Uskayaw
Vehumet
Wu Jian
Xom
Yredelemnul
Zin
The Shining One
Beogh
Jiyva
Lugonu


Innate Abilities, Weirdness & Mutations

You are resistant to torment.
Your stone body is resilient. (AC +4)
You are immune to poison.
You resist negative energy. (rN+)
You are resistant to electric shocks. (rElec)
You can survive without breathing.
You are immune to petrification.
You are immune to rotting.


Message History

Drop what? 20/52 slots (_ for help) (? for menu, Esc to quit)
You drop a +0 scale mail.
Drop what? 19/52 slots (_ for help) (? for menu, Esc to quit)
You drop a +3 ring of intelligence.
Put on which piece of jewellery? (? for menu, Esc to quit)
s - a +2 ring of evasion (left hand) Unknown command.
Unknown command.
You open the door.
A bullfrog, 2 jellies and 3 scorpions come into view.
The jelly quivers.
You hit the jelly.
Your hands burn!
The jelly hits you but does no damage. The jelly barely misses you.
You take 4 damage, and have 32/36 hp.
You hit the jelly.
Your hands burn!
The jelly hits you but does no damage.
You take 3 damage, and have 29/36 hp.
You hit the jelly but do no damage.
Your hands burn!
The jelly hits you but does no damage.
You take 3 damage, and have 26/36 hp.
You hit the jelly.
Your hands burn!
You block the jelly's attack.
You take 3 damage, and have 23/36 hp.
You are too injured to fight recklessly!
You are too injured to fight recklessly!
You are too injured to fight recklessly!
You are too injured to fight recklessly!
You hit the jelly.
Your hands burn!
* * * LOW HITPOINT WARNING * * *
The jelly completely misses you.
You take 5 damage, and have 18/36 hp.
You feel yourself speed up. The jelly barely misses you.
You hit the jelly.
Your hands burn!
* * * LOW HITPOINT WARNING * * *
You take 1 damage, and have 17/36 hp.
You hit the jelly.
Your hands burn!
* * * LOW HITPOINT WARNING * * *
The jelly hits you but does no damage.
You take 2 damage, and have 15/36 hp.
You hit the jelly.
You kill the jelly!
Makhleb accepts your kill.
Your Polearms skill increases to level 6!
Your shield and chain mail prevent you from hitting the scorpion.
You hit the scorpion but do no damage.
The scorpion stings you but does no damage.
You hit the scorpion but do no damage. You block the scorpion's attack.
You hit the scorpion but do no damage. You block the scorpion's attack.
Your shield and chain mail prevent you from hitting the scorpion.
You hit the scorpion. The scorpion closely misses you.
You hit the scorpion but do no damage. You block the scorpion's attack.
The jelly jiggles.
You hit the scorpion but do no damage. You hit the scorpion but do no damage.
The scorpion stings you but does no damage.
You hit the scorpion but do no damage. You block the scorpion's attack.
You closely miss the scorpion.
The scorpion stings you but does no damage.
You closely miss the scorpion. You hit the scorpion but do no damage.
You block the scorpion's attack.
You closely miss the scorpion. You hit the scorpion.
You block the scorpion's attack.
You hit the scorpion but do no damage.
The scorpion stings you but does no damage.
You hit the scorpion but do no damage. The scorpion stings you.
* * * LOW HITPOINT WARNING * * *
You take 1 damage, and have 16/36 hp.
You hit the scorpion.
Your shield and chain mail prevent you from hitting the scorpion.
The scorpion closely misses you.
You barely miss the scorpion. You block the scorpion's attack.
You hit the scorpion but do no damage.
The scorpion stings you but does no damage.
You hit the scorpion but do no damage. You block the scorpion's attack.
You barely miss the scorpion. The scorpion closely misses you.
You completely miss the scorpion. You barely miss the scorpion.
You block the scorpion's attack.
You hit the scorpion. You closely miss the scorpion.
The scorpion closely misses you.
You hit the scorpion. The scorpion stings you.
* * * LOW HITPOINT WARNING * * *
You take 1 damage, and have 16/36 hp.
You hit the scorpion but do no damage. You block the scorpion's attack.
You closely miss the scorpion.
Your chain mail prevents you from hitting the scorpion.
You block the scorpion's attack.
You feel very mighty all of a sudden. The scorpion closely misses you.
You hit the scorpion. You closely miss the scorpion.
You block the scorpion's attack.
You closely miss the scorpion.
The scorpion stings you but does no damage.
You closely miss the scorpion. You closely miss the scorpion.
The scorpion stings you.
* * * LOW HITPOINT WARNING * * *
You take 3 damage, and have 14/36 hp.
You hit the scorpion. You block the scorpion's attack.
You closely miss the scorpion. The scorpion barely misses you.
You completely miss the scorpion. You closely miss the scorpion.
You block the scorpion's attack.
Wield which item (- for none, * to show all)? (? for menu, Esc to quit)
You can't wield that with a shield.

▓.▓
▓.▓
▓.▓
▓=▓
▓.▓
▓.▓
▓.▓
▓.▓
▓@▓
▓s▓
▓s▓
▓F▓
▓s▓
▓J▓
▓.▓
▓.▓


You could see a bullfrog, 3 scorpions and a jelly.

Vanquished Creatures
  An ogre (D)
  A jelly (D)
  2 adders (D)
  A shadow imp (D)
  An ooze (D)
  A hobgoblin (D)
  A kobold (D)
  A quokka (D)
  2 rats (D)
11 creatures vanquished.

Notes
Turn   | Place    | Note
-------+----------+-------------------------------------------
     0 | D        | theanonym the Gargoyle Fighter began the quest for the Orb.
     0 | D        | Reached XP level 1. HP: 14/14 MP: 1/1
     7 | D        | Reached skill level 2 in Polearms
    11 | D        | Reached XP level 2. HP: 20/20 MP: 2/2
    24 | D        | Noticed an ogre
    35 | D        | Reached skill level 4 in Fighting
    35 | D        | Reached skill level 3 in Polearms
    35 | D        | Reached skill level 4 in Armour
    35 | D        | Reached skill level 4 in Shields
    40 | D        | Reached XP level 3. HP: 20/24 MP: 3/3
    45 | D        | Killed an ogre
    45 | D        | Reached skill level 5 in Fighting
    45 | D        | Reached skill level 5 in Polearms
    45 | D        | Reached skill level 5 in Armour
    45 | D        | Reached skill level 5 in Shields
    45 | D        | Reached XP level 4. HP: 11/31 MP: 4/4
    50 | D        | Reached XP level 5. HP: 11/36 MP: 5/5
   257 | D        | Found a roughly hewn altar of Beogh.
   257 | D        | Found a snail-covered altar of Cheibriados.
   257 | D        | Found a shadowy altar of Dithmenos.
   257 | D        | Found a white marble altar of Elyvilon.
   257 | D        | Found a blossoming altar of Fedhas.
   257 | D        | Found an opulent altar of Gozag.
   258 | D        | Found a hazy altar of Hepliaklqana.
   259 | D        | Found a viscous altar of Jiyva.
   260 | D        | Found an ancient bone altar of Kikubaaqudgha.
   261 | D        | Found a corrupted altar of Lugonu.
   262 | D        | Found a burning altar of Makhleb.
   263 | D        | Found a sparkling altar of Nemelex Xobeh.
   264 | D        | Found an iron altar of Okawaru.
   265 | D        | Found a stormy altar of Qazlal.
   266 | D        | Found a sacrificial altar of Ru.
   267 | D        | Found a deep blue altar of Sif Muna.
   268 | D        | Found a bloodstained altar of Trog.
   269 | D        | Found a hide-covered altar of Uskayaw.
   270 | D        | Became a worshipper of Makhleb the Destroyer
   271 | D        | Found a radiant altar of Vehumet.
   272 | D        | Found an ornate altar of the Wu Jian Council.
   273 | D        | Found a shimmering altar of Xom.
   274 | D        | Found a basalt altar of Yredelemnul.
   275 | D        | Found a glowing silver altar of Zin.
   276 | D        | Found a glowing golden altar of the Shining One.
   348 | D        | Reached skill level 6 in Polearms
   390 | D        | Quit the game

Vault maps used:
D:        linesprint

Skill      XL: |  1  2  3  4  5 |
---------------+----------------+-----
Polearms       | 2 3 5 6 |  6.1
Fighting       | 4 5 |  5.9
Armour         | 4 5 |  5.9
Shields        | 4 5 |  5.9

Action                   |  1- 3 |  4- 6 || total
-------------------------+-------+-------++-------
Melee: Trident           |    34 |     5 ||    39
       Unarmed           |       |    48 ||    48
  Use: Potion            |       |     2 ||     2
Armor: Scale mail        |    14 |     2 ||    16
       Chain mail        |       |    10 ||    10
Dodge: Dodged            |     7 |     9 ||    16
Block: Shield            |    13 |    19 ||    32

Table legend:
 A = Spawn XP
 B = Non-spawn XP
 C = Spawn XP percentage of total XP
 D = Spawn monster count
 E = Non-spawn monster count
 F = Spawn count percentage of total count
 G = Total turns spent on level
                    A         B        C        D         E        F      G
               +---------+---------+-------+---------+---------+-------+---------
         Total |       0 |     212 |   0.0 |       0 |      11 |   0.0 |   390
               +---------+---------+-------+---------+---------+-------+---------
             D |       0 |     212 |   0.0 |       0 |      11 |   0.0 |   390
               +---------+---------+-------+---------+---------+-------+---------
